AoeStats
← sir8Lampard

Lombardia

509064764Analyzed
3v3 RM · 8d ago on Sep 25, 2026· 47m 21s· 6 players
Game mode
Random Map
Map size
Normal (6 player)
Population
200
Speed
Normal
Resources
Standard
Victory
Conquest
Starting age
Dark Age
Ending age
Imperial Age
RankedLock teamsTeams togetherTeam positionsShared explorationLock speedFull tech treeHidden civsTurbo modeCheats
Victory
Defeat
🇷🇸 Byzantines · Serbia
638
+15
🇪🇸 Britons · Spain
597
+17
🇷🇴 Aztecs · Romania
540
+19
🇧🇪 Celts · Belgium
676
-19
🇷🇺 Japanese · Russia
668
-19
🇧🇪 Hindustanis · Belgium
518
-13
Djgama17
0:35 Loom
13:46 Feudal Age
14:46 Double-Bit Axe
14:43 Horse Collar
17:38 Stone Mining
17:38 Gold Mining
20:53 Wheelbarrow
20:06 Town Watch
25:04 Castle Age
23:49 Scale Mail Armor
23:59 Forging
23:49 Padded Archer Armor
23:39 Fletching
26:03 Bow Saw
27:14 Iron Casting
26:03 Eagle Warrior
28:08 Chain Mail Armor
30:39 Leather Archer Armor
30:19 Bodkin Arrow
31:13 Caravan
31:43 Coinage
34:41 Hand Cart
37:51 Coinage
38:57 Stone Shaft Mining
38:57 Gold Shaft Mining
38:34 Pikeman
39:14 Squires
42:58 Imperial Age
40:07 Man-at-Arms
40:33 Gambesons
40:44 Treadmill Crane
42:04 Arson
42:29 Atlatl
42:29 Long Swordsman
44:50 Garland Wars
43:51 Elite Jaguar Warrior
46:01 Blast Furnace
45:43 Plate Mail Armor
45:40 Bracer
46:09 Heavy Plow
46:59 Elite Eagle Warrior
wilpau11
0:45 Loom
11:03 Feudal Age
20:13 Castle Age
18:55 Horse Collar
19:09 Gold Mining
19:10 Stone Mining
19:10 Double-Bit Axe
32:18 Imperial Age
33:31 Conscription
33:16 Fletching
35:58 Chemistry
39:52 Elite Longbowman
42:01 Yeomen
43:35 Ballistics
43:15 Bodkin Arrow
43:20 Padded Archer Armor
Seeker
6:33 Loom
11:39 Feudal Age
13:01 Wheelbarrow
12:13 Double-Bit Axe
12:11 Horse Collar
12:43 Arson
21:45 Castle Age
19:55 Gold Mining
21:15 Forging
21:08 Scale Mail Armor
22:16 Fletching
22:37 Squires
22:02 Elite Skirmisher
30:28 Bow Saw
31:35 Hand Cart
33:11 Iron Casting
34:17 Stone Mining
35:03 Gold Shaft Mining
39:34 Imperial Age
41:56 Heavy Plow
42:08 Bodkin Arrow
42:28 Chain Mail Armor
43:26 Crop Rotation
43:01 Bracer
43:44 Elite Varangian Guard
46:33 Plate Mail Armor
sir8Lampard
1:13 Loom
11:20 Feudal Age
13:41 Wheelbarrow
15:45 Double-Bit Axe
18:34 Horse Collar
27:45 Castle Age
25:57 Stone Mining
25:57 Gold Mining
32:14 Hand Cart
33:10 Murder Holes
36:43 Ballistics
37:15 Bow Saw
Anesthetized
10:49 Feudal Age
11:25 Double-Bit Axe
12:07 Loom
15:09 Wheelbarrow
16:57 Horse Collar
17:44 Gold Mining
23:20 Castle Age
21:36 Stone Mining
24:54 Bow Saw
24:46 Heavy Plow
26:58 Hand Cart
30:02 Treadmill Crane
32:42 Forging
32:32 Scale Mail Armor
39:08 Imperial Age
37:29 Iron Casting
37:09 Chain Mail Armor
39:35 Gold Shaft Mining
39:11 Caravan
39:16 Elite Samurai
40:20 Conscription
41:15 Two-Man Saw
42:10 Ballistics
42:13 Kataparuto
43:26 Plate Mail Armor
Roa di Ronqi
12:40 Feudal Age
13:12 Double-Bit Axe
18:10 Stone Mining
22:23 Castle Age
28:35 Wheelbarrow
31:58 Gold Mining
32:14 Caravan
33:52 Hand Cart
Connection lost

Rejoining the realm…

Still unreachable

The connection could not be restored.

Session expired

The server has moved on; the page needs a fresh start.